 Dungeon Crawl Stone Soup version 0.21.1-1-g345015fe64 (webtiles) character file.

70 DildoBatman the Sneak (level 4, 0/35 HPs)
             Began as a Formicid Enchanter on Feb 25, 2018.
             Slain by an orc
             ... wielding a +0 club
              (1 damage)
             ... on level 3 of the Dungeon.
             The game lasted 00:05:49 (2244 turns).

DildoBatman the Sneak (Formicid Enchanter)          Turns: 2244, Time: 00:05:50

Health: 0/35       AC:  6    Str: 13    XL:     4   Next: 45%
Magic:  6/7        EV: 10    Int: 15    God:
Gold:   87         SH:  0    Dex: 11    Spells: 3/7 levels left

rFire    . . .     SeeInvis +   b - +0 short sword
rCold    . . .     Gourm    .   (no shield)
rNeg     . . .     Faith    .   m - +0 ring mail
rPois    .         Spirit   .   (helmet unavailable)
rElec    .         Reflect  .   (no cloak)
rCorr    .         Harm     .   (no gloves)
MR       .....                  l - +0 pair of boots
Stlth    +.........             (no amulet)
HPRegen  0.11/turn              (no ring)
MPRegen  0.10/turn              (no ring)

@: drained
A: permanent stasis, dig shafts and tunnels, four strong arms, antennae 3
a: Dig, Shaft Self


You were on level 3 of the Dungeon.
You were hungry.

You visited 1 branch of the dungeon, and saw 3 of its levels.

You collected 87 gold pieces.

Inventory:

Hand Weapons
 a - a +1 dagger
 b - a +0 short sword (weapon)
Armour
 l - a +0 pair of boots (worn)
 m - a +0 ring mail (worn)
Jewellery
 d - an uncursed amulet of harm
 e - an uncursed ring of see invisible {unknown}
Scrolls
 g - a scroll of magic mapping
 i - 4 scrolls of enchant armour
 n - a scroll of amnesia
Potions
 f - a potion of agility {unknown}
 j - 3 potions of curing
 k - a potion of mutation {unknown}
 o - a potion of brilliance {unknown}
 p - a potion of flight {unknown}
 q - a potion of haste {unknown}
Books
 c - a book of Maledictions

   Spells                             Type                      Level
   a - Corona                         Hexes                        1
   b - Ensorcelled Hibernation        Hexes/Ice                    2
   c - Confuse                        Hexes                        3
   d - Tukima's Dance                 Hexes                        3
   e - Dazzling Spray                 Conjuration/Hexes            3
Comestibles
 h - 3 chunks of flesh
 v - 4 rations


   Skills:
 - Level 3.1(2.3) Fighting
 - Level 1.0(0.2) Short Blades
 * Level 1.5(0.8) Armour
 - Level 2.0(1.2) Dodging
 - Level 4.0(3.2) Stealth
 - Level 2.1(1.4) Spellcasting
 - Level 3.6(2.8) Hexes


You had 3 spell levels left.
You knew the following spells:

 Your Spells              Type           Power        Failure   Level  Hunger
a - Corona                Hex            #......      16%         1    ##.....
b - Confuse               Hex            #.......     43%         3    ####...


Dungeon Overview and Level Annotations

Branches:
Dungeon (3/15)

Altars:
Trog
Uskayaw


Innate Abilities, Weirdness & Mutations

You cannot be hasted, slowed, berserked, paralysed or teleported.
You can dig through walls and to a lower floor.
Your four strong arms can wield two-handed weapons with a shield.
You have a pair of large antennae on your head. (SInv)


Message History

You hit the orc but do no damage.
The orc is heavily wounded.
The orc hits you with a club.
You closely miss the orc.
The orc is heavily wounded.
The orc stops glowing.
The orc hits you but does no damage.
You hit the orc.
The orc is heavily wounded.
The orc hits you but does no damage.
You hit the orc but do no damage.
The orc is heavily wounded.
The orc closely misses you.
You barely miss the orc.
The orc is heavily wounded.
The orc hits you with a club.
You hit the orc but do no damage.
The orc is heavily wounded.
The orc hits you with a club.
You die...

###############
#.#............
#..............
######.#.........###
.................#
#####...#######.#
..#.#####.#.###### #
........).o>.......
##.###.#@######.##
#รท#........
#.########. #<# #.#
#.# #.# #.# #.#


You could see an orc.

Vanquished Creatures
  A gnoll (D:1)
  2 adders (D:2)
  An ooze (D:2)
  A worm (D:2)
  2 leopard geckos
  6 bats
  A giant cockroach (D:2)
  5 goblins
  2 hobgoblins
  3 jackals (D:3)
  A ball python (D:3)
  2 frilled lizards (D:2)
  3 kobolds
  5 rats (D:1)
35 creatures vanquished.

Notes
Turn   | Place    | Note
-------+----------+-------------------------------------------
     0 | D:1      | DildoBatman the Formicid Enchanter began the quest for the Orb.
     0 | D:1      | Reached XP level 1. HP: 13/13 MP: 3/3
    45 | D:1      | Reached skill level 1 in Fighting
   203 | D:1      | Reached XP level 2. HP: 17/22 MP: 3/5
   965 | D:2      | Reached XP level 3. HP: 16/28 MP: 2/6
   970 | D:2      | Learned a level 3 spell: Confuse
  1549 | D:2      | Found a hide-covered altar of Uskayaw.
  1626 | D:2      | Reached XP level 4. HP: 10/35 MP: 5/7
  1923 | D:2      | Reached skill level 1 in Armour
  1923 | D:2      | Reached skill level 4 in Stealth
  1943 | D:2      | Found a bloodstained altar of Trog.
  2243 | D:3      | HP: 1/35 [orc/club (1)]
  2244 | D:3      | Slain by an orc

Skill      XL: |  1  2  3  4 |
---------------+-------------+-----
Fighting       | 1 2 3 |  3.1
Dodging        | 2 |  2.0
Armour         | 1 |  1.5
Stealth        | 4 |  4.0
Short Blades   | |  1.0
Spellcasting   | |  2.1
Hexes          | |  3.6

Action                   |  1- 3 |  4- 6 || total
-------------------------+-------+-------++-------
Melee: Dagger            |    98 |    60 ||   158
       Short sword       |     6 |    13 ||    19
 Cast: Corona            |    18 |    11 ||    29
  Use: Scroll            |     5 |     1 ||     6
 Stab: Sleeping          |     3 |       ||     3
  Eat: Chunk             |     3 |     2 ||     5
Armor: Robe              |    10 |       ||    10
       Ring mail         |    33 |    26 ||    59
Dodge: Dodged            |    57 |    38 ||    95
